 Dungeon Crawl Stone Soup version 0.31-a0-1447-g87ca8d402b (webtiles) character file.

Game seed: 9468111701335126347

662 Atlas the Firebug (level 7, -9/56 HPs)
             Began as a Naga Fire Elementalist on Dec 27, 2023.
             Was an Initiate of Vehumet.
             Mangled by a gnoll
             ... wielding a +2 whip of electrocution
              (17 damage)
             ... on level 4 of the Dungeon.
             The game lasted 00:07:27 (3960 turns).

Atlas the Firebug (Naga Fire Elementalist)          Turns: 3960, Time: 00:07:27

Health: -9/56      AC:  3    Str: 11    XL:     7   Next: 56%
Magic:  8/14       EV:  9    Int: 17    God:    Vehumet [......]
Gold:   83         SH:  0    Dex: 11    Spells: 8/15 levels left

rFire   . . .        b - +2 dagger (elec)
rCold   . . .        (no shield)
rNeg    . . .        r - +0 leather armour {Will+}
rPois   +            (no helmet)
rElec   .            (no cloak)
rCorr   .            (no gloves)
SInv    +            (no barding)
Will    +....        (no amulet)
Stlth   ++           (no ring)
HPRegen 0.29/turn    (no ring)
MPRegen 0.14/turn

%: no passive effects
@: very slow
A: AC +2, large, see invisible, deformed body, poison resistance, slowness 2,
spit poison 1, naga tail 1
a: Spit Poison, Renounce Religion


You were on level 4 of the Dungeon.
You worshipped Vehumet.
Vehumet was noncommittal.
You visited 2 branches of the dungeon, and saw 5 of its levels.

You collected 83 gold pieces.

Inventory:

Hand Weapons
 b - a +2 dagger of electrocution (weapon)
Armour
 r - a +0 leather armour of willpower (worn)
Wands
 o - a wand of mindburst (20)
Scrolls
 d - 4 scrolls of teleportation {unknown}
 f - 6 scrolls of identify {unknown}
 h - a scroll of torment {unknown}
 j - a scroll of poison {unknown}
 k - 2 scrolls of enchant armour {unknown}
 n - a scroll of enchant weapon {unknown}
 q - a scroll of silence {unknown}
Potions
 a - a potion of heal wounds {unknown}
 c - a potion of ambrosia
 e - 7 potions of haste {unknown}
 g - 2 potions of lignification {unknown}
 i - 2 potions of curing {unknown}
 l - a potion of mutation {unknown}
 m - a potion of degeneration {unknown}
 p - a potion of invisibility {unknown}


   Skills:
 + Level 0.4 Fighting
 + Level 0.4 Polearms
 + Level 2.2 Dodging
 + Level 4.0 Stealth
 + Level 0.5 Unarmed Combat
 + Level 4.7 Spellcasting
 + Level 3.1 Conjurations
 + Level 5.4 Fire Magic


You had 8 spell levels left.
You knew the following spells:

 Your Spells              Type           Power      Damage    Failure   Level
a - Scorch                Fire           44%        2d6       3%          2
b - Foxfire               Conj/Fire      72%        2x1d7     3%          1
c - Flame Wave            Conj/Fire      18%        2d7       32%         4

Your spell library contained the following spells:

 Spells                   Type           Power      Damage    Failure   Level
 Inner Flame              Hex/Fire       13%        N/A       19%         3
 Volatile Blastmotes      Fire/Tloc      26%        2d12      19%         3
 Fulminant Prism          Conj/Alch      4%         3d5       69%         4
 Iskenderun's Mystic Bla  Conj/Tloc      9%         2d4       69%         4


Dungeon Overview and Level Annotations

Branches:
Dungeon (4/15)             Temple (1/1) D:4

Altars:
Ashenzari
Cheibriados
Elyvilon
Fedhas
Gozag
Hepliaklqana
Kikubaaqudgha
Nemelex Xobeh
Qazlal
Trog
Uskayaw
Vehumet
Yredelemnul
Zin


Innate Abilities, Weirdness & Mutations

Your serpentine skin is tough. (AC +2)
You have supernaturally acute eyesight. (SInv)
Armour fits poorly on your strangely shaped body.
Your system is resistant to poisons. (rPois)
You cover ground very slowly.
You can spit poison.
You have a snake-like lower body.


Message History

Unknown command.
You barely miss the gnoll.
A gnoll comes into view.
It is wielding a +2 whip of electrocution.
The gnoll barely misses you.
The gnoll shouts!
You hit the gnoll.
The gnoll is lightly wounded.
You hear a shout!
The gnoll hits you with a +0 whip.
You hit the gnoll. Lightning courses through the gnoll!!
You kill the gnoll!
Vehumet accepts your kill.
You see here a +0 whip.
The gnoll hits you with a +2 whip of electrocution!
You are electrocuted!
* * * LOW HITPOINT WARNING * * *
You see here 11 gold pieces.
You are too injured to fight recklessly!
You are too injured to fight recklessly!
Casting: Foxfire (safe; 3% risk of failure)
Confirm with . or Enter, or press ? or * to list all spells.
Flames lash the gnoll.
The gnoll is heavily wounded.
The gnoll's fire resistance burns away.
You have got your breath back.
The gnoll closely misses you.
Casting: Scorch (safe; 3% risk of failure)
Confirm with . or Enter, or press ? or * to list all spells.
Flames lash the gnoll.
The gnoll is heavily wounded.
The gnoll hits you but does no damage.
Unknown command.
Casting: Scorch (safe; 3% risk of failure)
Confirm with . or Enter, or press ? or * to list all spells.
Flames lash the gnoll.
The gnoll is burned terribly!
The gnoll is almost dead.
The gnoll hits you with a +2 whip of electrocution!
* * * LOW HITPOINT WARNING * * *
You are electrocuted!
You die...

... ..! ..# #.. #w#
#####.. #.# .......
#.#
.......######g#######
..... .......@.......
......#.#####)#######
......#.#####.#######
.....................
....##.#####.#########
# #.#.............###
#.#.#.........#.#.#
#.# #...#####.#.#.#
#.# ##### #.......#


You could see a worm and a gnoll (combustible).

Vanquished Creatures
  Sigmund (D:2)
  An ogre (D:3)
  3 wights (D:3)
  A jelly (D:4)
  An orc priest (D:3)
  Ijyb (D:4)
  Natasha (thrice) (D:2)
  An orc wizard (D:3)
  A gnoll (D:4)
  An adder (D:3)
  6 dart slugs
  3 orcs (D:3)
  4 bats
  9 endoplasms
  3 giant cockroaches
  5 goblins
  A hobgoblin (D:3)
  5 kobolds
  A quokka (D:1)
  6 ball pythons
  6 frilled lizards
  6 rats
69 creatures vanquished.

Vanquished Creatures (others)
  255 foxfires
255 creatures vanquished.

Grand Total: 324 creatures vanquished

Notes
Turn   | Place    | Note
-------+----------+-------------------------------------------
     0 | D:1      | Atlas the Naga Fire Elementalist began the quest for the
                  | Orb.
     0 | D:1      | Reached XP level 1. HP: 15/15 MP: 3/3
    92 | D:1      | Found a faded altar of an unknown god.
   321 | D:1      | Reached XP level 2. HP: 21/22 MP: 5/5
   717 | D:1      | Learned a level 2 spell: Scorch
   808 | D:1      | Reached XP level 3. HP: 28/28 MP: 1/6
  1176 | D:2      | Noticed Natasha
  1194 | D:2      | Killed Natasha
  1196 | D:2      | Reached XP level 4. HP: 18/36 MP: 1/7
  1264 | D:2      | Noticed Natasha
  1268 | D:2      | Killed Natasha
  1363 | D:2      | Noticed Natasha
  1437 | D:2      | Killed Natasha
  1438 | D:2      | Reached skill level 4 in Fire Magic
  1748 | D:2      | Reached XP level 5. HP: 42/42 MP: 5/9
  1914 | D:2      | Learned a level 4 spell: Flame Wave
  1946 | D:2      | Noticed Sigmund
  1973 | D:2      | Killed Sigmund
  1974 | D:2      | Reached XP level 6. HP: 22/49 MP: 3/11
  2338 | D:3      | Found a blossoming altar of Fedhas.
  2582 | D:3      | Reached skill level 5 in Fire Magic
  3118 | D:3      | Reached XP level 7. HP: 54/55 MP: 6/13
  3708 | D:4      | Found a staircase to the Ecumenical Temple.
  3724 | D:4      | Noticed Ijyb
  3729 | Temple   | Entered the Ecumenical Temple
  3781 | Temple   | Became a worshipper of Vehumet
  3801 | D:4      | Killed Ijyb
  3960 | D:4      | Mangled by a gnoll

Illustrated notes

Levels and vault maps discovered:
D:1:      dpeg_arrival_arbitrary_b, layout_rooms,
          dreamdust_ecumenical_altar_angels_and_demons
D:2:      layout_rooms, uniq_natasha, uniq_terence, uniq_sigmund
D:3:      layout_basic, fedhas_altar_4
D:4:      layout_basic, temple_pool_b, kennysheep_generic_room_12, uniq_ijyb,
          uniq_edmund
Temple:   cyrus_circular_temple

Skill      XL: |  1  2  3  4  5  6  7 |
---------------+----------------------+-----
Spellcasting   | 3 4 |  4.7
Conjurations   | 2 3 |  3.1
Fire Magic     | 4 5 |  5.4
Dodging        | 2 |  2.2
Stealth        | 4 |  4.0
Fighting       | |  0.4
Polearms       | |  0.4
Unarmed Combat | |  0.5

Action                     |  1- 3 |  4- 6 |  7- 9 || total
---------------------------+-------+-------+-------++-------
  Melee: Unarmed           |    10 |     3 |       ||    13
         Halberd           |       |     9 |     4 ||    13
         Dagger            |       |       |    10 ||    10
   Cast: Foxfire           |    59 |    76 |     8 ||   143
         Scorch            |     1 |    14 |    17 ||    32
Ability: Spit Poison       |     6 |     4 |     1 ||    11
    Use: Potion            |       |     1 |     1 ||     2
   Stab: Sleeping          |       |       |     1 ||     1
 Armour: Robe              |     9 |    24 |     6 ||    39
         Leather armour    |       |       |     9 ||     9
  Dodge: Dodged            |     7 |    22 |    13 ||    42

Table legend: (Time is in decaauts)
 A = Elapsed time spent in this place.
 B = Non-inter-level travel time spent in this place.
 C = Inter-level travel time spent in this place.
 D = Time resting spent in this place.
 E = Time spent auto-exploring this place.
 F = Levels seen in this place.
 G = Mean time per level.
                   A        B        C        D        E       F      G
               +--------+--------+--------+--------+--------+-----+--------+
         Total |   4647 |   4500 |    147 |     33 |   3790 |   5 |  929.4 |
       Dungeon |   4570 |   4466 |    104 |      0 |   3790 |   4 | 1142.5 |
        Temple |     77 |     34 |     43 |     33 |      0 |   1 |   77.0 |
               +--------+--------+--------+--------+--------+-----+--------+

Top non-repeatable levels by time:
     D:3: 1730 daAuts
     D:1: 1298 daAuts
     D:2: 1239 daAuts
     D:4: 301 daAuts
  Temple: 77 daAuts
